 Dungeon Crawl Stone Soup version 0.24-a0-778-g74da537 (webtiles) character file.

Game seed: 7282196292385849133, levelgen mode: deterministic

4484 smeego the Sneak (level 10, -9/68 HPs)
             Began as an Octopode Fighter on Oct 7, 2019.
             Was a Priest of Dithmenos.
             Mangled by a two-headed ogre
             ... wielding a +0 giant club
              (20 damage)
             ... on level 8 of the Dungeon.
             The game lasted 00:10:49 (6425 turns).

smeego the Sneak (Octopode Fighter)                 Turns: 6425, Time: 00:10:50

Health: -9/68      AC:  1    Str: 16    XL:     10   Next: 38%
Magic:  13/13      EV: 14    Int: 12    God:    Dithmenos [***...]
Gold:   1782       SH: 10    Dex: 13    Spells: 9/9 levels left

rFire    . . .     SeeInvis +   v - +14 obsidian axe {chop, +Fly SInv *Curse} (curse)
rCold    . . .     Gourm    .   b - +0 shield
rNeg     . . .     Faith    .   (helmet restricted)
rPois    +         Spirit   .   (no amulet)
rElec    .         Reflect  .   l - ring of poison resistance
rCorr    .         Harm     .   (no ring)
MR       .....                  (no ring)
Stlth    ++++++....             (no ring)
HPRegen  0.21/turn              (no ring)
MPRegen  0.13/turn              (no ring)
                                (no ring)
                                (no ring)

@: mesmerised, wreathed by umbra
A: almost no armour, stealthy swim, amphibious, 8 rings, constrict 8, camouflage
1, gelatinous body 1
a: Shadow Step, Renounce Religion, Evoke Flight


You were on level 8 of the Dungeon.
You worshipped Dithmenos.
Dithmenos was most pleased with you.
You were hungry.

You visited 2 branches of the dungeon, and saw 9 of its levels.
You also visited: Bailey.

You collected 1782 gold pieces.

Inventory:

Hand Weapons
 a - a +1 long sword
 e - a +0 dagger of venom
 u - a +0 hand crossbow
 v - the cursed +14 obsidian axe (weapon) {chop, +Fly SInv *Curse}
   (You found it on level 4 of the Dungeon)

   It inflicts extra damage upon your enemies.
   It lets you see invisible.
   It lets you fly.
   It curses itself when equipped.
   It has a curse placed upon it.
Missiles
 h - 71 bolts
 m - 8 datura-tipped darts
 r - 4 poisoned darts
 B - 8 boomerangs (quivered)
Armour
 b - a +0 shield (worn)
Jewellery
 g - a +2 amulet of reflection {unknown}
 l - a ring of poison resistance (left tentacle)
Wands
 n - a wand of digging (4)
 E - a wand of enslavement (11)
 F - a wand of flame (5)
Scrolls
 k - 5 scrolls of teleportation
 o - a scroll of blinking
 q - a scroll of remove curse
 s - a scroll of fog
 w - 6 scrolls of identify {unknown}
 x - a scroll of enchant armour {unknown}
 y - a scroll of enchant weapon
 A - a scroll of magic mapping
 C - a scroll of noise {unknown}
 D - a scroll of fear {unknown}
Potions
 c - 2 potions of might
 f - 4 potions of curing
 j - a potion of brilliance {unknown}
 p - 2 potions of cancellation
 t - a potion of agility {unknown}
 z - 3 potions of lignification {unknown}
Comestibles
 d - 9 rations


   Skills:
 * Level 6.2 Fighting
 - Level 3.8 Long Blades
 * Level 5.6 Axes
 - Level 0.8 Crossbows
 + Level 3.7 Throwing
 + Level 5.5 Dodging
 + Level 6.9 Stealth
 + Level 5.6 Shields
 + Level 4.5 Unarmed Combat
 + Level 4.3 Invocations
 + Level 4.4 Evocations


You had 9 spell levels left.
You didn't know any spells.
Your spell library was empty.

Dungeon Overview and Level Annotations

Branches:
Dungeon (8/15)             Temple (1/1) D:4          Bailey (visited)
   Lair: D:8-11

Altars:
Dithmenos
Elyvilon
Gozag
Hepliaklqana
Makhleb
Nemelex Xobeh
Okawaru
Qazlal
Uskayaw
Vehumet
Wu Jian
Xom

Annotations:
D:8 exclusion: ice statue, Joseph


Innate Abilities, Weirdness & Mutations

You cannot wear most types of armour.
You are very stealthy in the water. (Stealth+)
You are amphibious.
You can wear up to eight rings at the same time.
You can use your tentacles to constrict eight enemies at once.
Your skin changes colour to match your surroundings (Stealth+).
Your rubbery body absorbs attacks. (AC +1, EV +1)


Message History

The two-headed ogre completely misses you.
The two-headed ogre hits you with a +2 dire flail of holy wrath!
* * * LOW HITPOINT WARNING * * *
You slice the two-headed ogre!!
The two-headed ogre is heavily wounded.
You completely miss the orc. You block the two-headed ogre's attack.
The two-headed ogre barely misses you.
Unknown command.
You barely miss the two-headed ogre. You squeeze the two-headed ogre.
The two-headed ogre is heavily wounded.
You hit the orc warrior.
Visions of slaying the orc warrior flood into your mind.
You block the two-headed ogre's attack.
The two-headed ogre hits you with a +2 dire flail of holy wrath!
* * * LOW HITPOINT WARNING * * *
You slash the two-headed ogre!
The two-headed ogre is severely wounded.
You slash the orc warrior! You block the orc warrior's attack.
The two-headed ogre hits you with a +0 giant club!!
You die...

............###..#......
......#..........#......
.....##...........#.....
..................#.....
.......÷.........$......
...÷....................
.....#....#.............
....#####.....#.........
....# ....##..##@Oo.....
###.#.....#....##o@.....
.............# .......
....#..####.$. .......
#.##... ##.......... #.
##.. %........# #.
......# ..#....


You could see Joseph, a two-headed ogre, an orc warrior and an orc.

Vanquished Creatures
  Harold (D:8)
  An ice devil (D:8)
  A hippogriff (D:7)
  Edmund (D:4)
  2 ogres
  3 centaurs
  2 bullfrogs
  4 gnoll sergeants
  A scorpion (D:6)
  5 wights (D:7)
  3 crimson imps
  A jelly (D:7)
  3 orc priests
  8 hounds
  3 gnoll shamans (Bailey)
  9 orc wizards
  10 gnolls
  9 adders
  6 ufetubi (D:8)
  An ooze (D:5)
  2 adder zombies
  2 adder skeletons
  4 worms
  3 dart slugs
  3 leopard geckos
  26 orcs
  2 ball pythons
  7 giant cockroaches
  7 goblins
  4 hobgoblins
  14 jackals
  3 quokkas
  7 bats
  3 frilled lizards
  10 kobolds
  A leopard gecko skeleton (D:4)
  A leopard gecko zombie (D:6)
  2 quokka skeletons
  10 rats
185 creatures vanquished.

Vanquished Creatures (collateral kills)
  4 ice devils (D:8)
  A bullfrog (D:6)
  5 gnoll sergeants (Bailey)
  3 gnoll shamans (Bailey)
  7 gnolls (Bailey)
  An adder (D:6)
  An ufetubus (D:8)
22 creatures vanquished.

Grand Total: 207 creatures vanquished

Notes
Turn   | Place    | Note
-------+----------+-------------------------------------------
     0 | D:1      | smeego the Octopode Fighter began the quest for the Orb.
     0 | D:1      | Reached XP level 1. HP: 16/16 MP: 1/1
    70 | D:1      | Reached XP level 2. HP: 21/21 MP: 2/2
   329 | D:1      | Reached XP level 3. HP: 22/26 MP: 3/3
   453 | D:1      | Reached skill level 1 in Stealth
   717 | D:2      | Reached skill level 1 in Unarmed Combat
   943 | D:2      | Reached XP level 4. HP: 29/31 MP: 4/4
  1483 | D:3      | Reached XP level 5. HP: 20/36 MP: 5/5
  2245 | D:4      | Noticed Edmund
  2264 | D:4      | Killed Edmund
  2264 | D:4      | Reached XP level 6. HP: 24/43 MP: 6/6
  2520 | D:4      | Found a staircase to the Ecumenical Temple.
  2542 | Temple   | Entered the Ecumenical Temple
  2548 | Temple   | Became a worshipper of Dithmenos the Shadowed
  2678 | D:4      | Found the cursed +14 obsidian axe {chop, +Fly SInv *Curse}
  2934 | D:4      | Reached skill level 1 in Axes
  2934 | D:4      | Reached XP level 7. HP: 25/48 MP: 7/7
  3014 | D:5      | Entered Level 5 of the Dungeon
  3073 | D:5      | Reached skill level 1 in Invocations
  3233 | D:5      | Reached skill level 1 in Evocations
  3307 | D:5      | Reached * piety under Dithmenos
  3381 | D:5      | Reached XP level 8. HP: 29/54 MP: 9/9
  3406 | D:5      | Reached skill level 1 in Throwing
  3579 | D:5      | Found an ornate altar of the Wu Jian Council.
  4247 | D:6      | Found an opulent altar of Gozag.
  4649 | D:7      | Reached skill level 5 in Stealth
  4651 | D:7      | Reached ** piety under Dithmenos
  4711 | D:7      | Found a flagged portal.
  4726 | Bailey   | Entered a bailey
  4731 | Bailey   | Reached XP level 9. HP: 48/60 MP: 11/11
  4806 | Bailey   | Reached skill level 5 in Fighting
  5425 | Bailey   | Reached skill level 5 in Shields
  5445 | Bailey   | Reached skill level 5 in Dodging
  6088 | D:8      | Noticed Harold
  6112 | D:8      | Noticed an ice devil
  6117 | D:8      | Noticed an ice devil
  6117 | D:8      | Noticed an ice devil
  6117 | D:8      | Noticed an ice devil
  6119 | D:8      | Noticed an ice devil
  6120 | D:8      | Killed Harold
  6120 | D:8      | Reached skill level 5 in Axes
  6120 | D:8      | Reached XP level 10. HP: 37/68 MP: 11/13
  6144 | D:8      | Noticed an ice statue
  6158 | D:8      | Reached *** piety under Dithmenos
  6414 | D:8      | Noticed a two-headed ogre
  6416 | D:8      | Noticed Joseph
  6425 | D:8      | Mangled by a two-headed ogre

Levels and vault maps discovered:
D:1:      dpeg_arrival_ratfight, layout_basic, roderic_lattice_a
D:2:      layout_loops_cross, first_ration
D:3:      layout_basic, grunt_ministairs_2
D:4:      layout_gridville, temple_fountains, roderic_serpentine_path,
          minmay_unequal, uniq_edmund
D:5:      layout_cave_pods, lemuel_round_altar, serial_park,
          serial_park_square2, serial_park_square2, moated_statue
D:6:      layout_basic, lemuel_statue_altar
D:7:      layout_rooms, enter_bailey_6
D:8:      cheibrodos_frozen_isle, layout_cave_pools, grunt_livestock,
          uniq_harold, uniq_joseph
Temple:   compressed_dpeg_triangle_lava_temple

Skill      XL: |  1  2  3  4  5  6  7  8  9 10 |
---------------+-------------------------------+-----
Stealth        | 1 2 3 4 5 6 |  6.9
Unarmed Combat | 1 2 3 4 |  4.5
Long Blades    | 3 |  3.8
Fighting       | 4 5 6 |  6.2
Axes           | 1 2 3 5 |  5.6
Shields        | 4 5 |  5.6
Invocations    | 1 2 4 |  4.3
Evocations     | 1 2 4 |  4.4
Dodging        | 4 5 |  5.5
Throwing       | 2 3 |  3.7
Crossbows      | |  0.8

Action                   |  1- 3 |  4- 6 |  7- 9 | 10-12 || total
-------------------------+-------+-------+-------+-------++-------
Melee: Long sword        |    68 |    57 |       |       ||   125
       Constrict         |    23 |    27 |    31 |     2 ||    83
       Tentacles         |    17 |    22 |    28 |     2 ||    69
       Punch             |       |     3 |     1 |       ||     4
       Dagger            |       |    22 |       |       ||    22
       Broad axe         |       |     7 |   128 |    12 ||   147
 Fire: Hand crossbow     |       |     5 |       |       ||     5
Throw: Boomerang         |       |       |     8 |       ||     8
Evoke: Wand              |       |       |       |    19 ||    19
  Use: Scroll            |     3 |     3 |     1 |       ||     7
       Potion            |       |     1 |     6 |     1 ||     8
 Stab: Sleeping          |     3 |     8 |    14 |       ||    25
  Eat: Chunk             |       |     6 |    11 |       ||    17
Armor: Skin              |     7 |     6 |     4 |       ||    17
Dodge: Dodged            |    33 |    33 |    95 |    10 ||   171
Block: Shield            |    27 |    38 |    77 |     6 ||   148
       Rpst.: Long sword |    12 |     9 |       |       ||    21

Table legend:
 A = Non-vault XP
 B = Vault XP
 C = Vault XP percentage of total XP
 D = Non-vault monster count
 E = Vault monster count
 F = Vault count percentage of total count
                 A         B        C        D         E       F
            +---------+---------+-------+---------+---------+-------
      Total |    2759 |    3647 |  56.9 |     154 |      53 |  25.6
            +---------+---------+-------+---------+---------+-------
        D:1 |      43 |       5 |  10.4 |      25 |       5 |  16.7
        D:2 |      95 |       0 |   0.0 |      30 |       0 |   0.0
        D:3 |     112 |       3 |   2.6 |      14 |       2 |  12.5
        D:4 |     148 |     300 |  67.0 |       9 |       3 |  25.0
        D:5 |     597 |       0 |   0.0 |      27 |       0 |   0.0
        D:6 |     417 |       0 |   0.0 |      20 |       0 |   0.0
        D:7 |     896 |       0 |   0.0 |      15 |       0 |   0.0
        D:8 |     451 |    2389 |  84.1 |      14 |      13 |  48.1
     Bailey |       0 |     950 | 100.0 |       0 |      30 | 100.0
            +---------+---------+-------+---------+---------+-------
